 Dungeon Crawl Stone Soup version 0.29-a0-323-g050149af67 (webtiles) character file.

Game seed: 16747611620492309350

2136 Essalna the Thaumaturge (level 9, -6/68 HPs)
             Began as a Djinni Conjurer on Apr 11, 2022.
             Was an Initiate of Makhleb.
             Mangled by Joseph
             ... wielding a +4 quarterstaff of draining
              (14 damage)
             ... on level 7 of the Dungeon.
             The game lasted 00:13:20 (7949 turns).

Essalna the Thaumaturge (Djinni Conjurer)           Turns: 7949, Time: 00:13:21

Health: -6/68      AC:  5    Str:  6    XL:     9   Next: 55%
Gold:   446        EV: 12    Int: 24    God:    Makhleb [......] SH:  0 Dex: 12

rFire   + + .      SeeInvis .   v - +0 flail (venom)
rCold   . . .      Faith    .   (no shield)
rNeg    . . .      Spirit   .   t - +1 robe {rC+}
rPois   ∞          Reflect  .   (no helmet)
rElec   .          Harm     .   s - +0 cloak {Will+}
rCorr   .          Rampage  .   w - +0 pair of gloves
Will    +....                   (boots unavailable)
Stlth   ++........              (no amulet)
HPRegen 0.21/turn               (no ring)
MPRegen 0.00/turn               (no ring)

@: brilliant, flying
A: sickness immunity, fire resistance 2, cold vulnerability 1, float, innate
caster, HP casting, extra vitality 1
a: Renounce Religion


You were on level 7 of the Dungeon.
You worshipped Makhleb.
Makhleb was noncommittal.
You visited 2 branches of the dungeon, and saw 8 of its levels.

You collected 446 gold pieces.

Inventory:

Hand Weapons
 v - a +0 flail of venom (weapon)
Armour
 a - a +0 robe
 s - a +0 cloak of willpower (worn)
 t - a +1 robe of cold resistance (worn)
 w - a +0 pair of gloves (worn)
Magical Staves
 e - a staff of poison
Wands
 k - a wand of flame (51)
 y - a wand of polymorph (11)
Scrolls
 c - 5 scrolls of enchant weapon {unknown}
 d - a scroll of immolation {unknown}
 f - 14 scrolls of identify {unknown}
 h - 2 scrolls of magic mapping {unknown}
 j - 4 scrolls of vulnerability {unknown}
 m - a scroll of fog {unknown}
 n - a scroll of acquirement {unknown}
 o - 6 scrolls of teleportation {unknown}
 p - 2 scrolls of noise {unknown}
 u - a scroll of enchant armour {unknown}
 x - a scroll of holy word {unknown}
 z - a scroll of brand weapon {unknown}
 A - a scroll of silence {unknown}
Potions
 b - 2 potions of brilliance
 g - 3 potions of heal wounds {unknown}
 i - 3 potions of curing {unknown}
 l - 2 potions of might {unknown}
 q - 2 potions of flight {unknown}
 r - a potion of berserk rage {unknown}
 B - a potion of lignification {unknown}


   Skills:
 + Level 7.0 Fighting
 - Level 2.1 Dodging
 - Level 1.5 Stealth
 + Level 8.2 Spellcasting


You had 2 spell levels left.
You knew the following spells:

 Your Spells              Type           Power      Damage    Failure   Level
a - Magic Dart            Conj           100%       1d8       1%          1
b - Searing Ray           Conj           100%       2d8       1%          2
c - Dazzling Flash        Conj/Hex       100%       N/A       1%          3
d - Fulminant Prism       Conj/Hex       32%        3d16      2%          4
e - Iskenderun's Mystic   Conj/Tloc      65%        2d13      2%          4
f - Beastly Appendage     Tmut           100%       N/A       1%          1
g - Scorch                Fire           100%       2d10      1%          2
h - Static Discharge      Conj/Air       65%        N/A       1%          2
i - Inner Flame           Hex/Fire       65%        N/A       1%          3
Your spell library was empty.

Dungeon Overview and Level Annotations

Branches:
Dungeon (7/15)             Temple (1/1) D:6

Altars:
Ashenzari
Cheibriados
Dithmenos
Elyvilon
Gozag
Hepliaklqana
Kikubaaqudgha
Makhleb
Nemelex Xobeh
Okawaru
Qazlal
Ru
Sif Muna
Trog
Uskayaw
Vehumet
Wu Jian
Xom
Yredelemnul
Zin
The Shining One

Shops:
D:7 =

Annotations:
D:7 3 runed translucent doors, Joseph; Tutankhamun's ghost, novice GrCK


Innate Abilities, Weirdness & Mutations

You are immune to sickness and miasma.
You are immune to poison.
Your flesh is very heat resistant. (rF++)
You are vulnerable to cold. (rC-)
You float through the air rather than walking.
You learn spells naturally, not from books.
Your magical power is your life essence.
You have superior vitality. (+4 MHP)


Message History

You easily resist.
The magic dart hits the orc priest.
You kill the orc priest!
Makhleb accepts your kill.
Your Fighting skill increases to level 7!
The magic dart hits Joseph but does no damage.
Joseph shouts!
You hear a shout!
Joseph unwields a +4 quarterstaff of draining.
Joseph wields a +0 hunting sling.
Joseph shoots a sling bullet.
The sling bullet closely misses you.
The magic dart hits Joseph.
Joseph is lightly wounded.
Items here: )) [ †.
Joseph is nearby!
Joseph unwields a +0 hunting sling.
Joseph wields a +4 quarterstaff of draining.
You sense an unholy aura.
Joseph hits you with a +4 quarterstaff of draining!
Casting: Magic Dart (safe; 1% risk of failure)
Confirm with . or Enter, or press ? or * to list all spells.
Flames lash Joseph.
Joseph is lightly wounded.
Joseph's fire resistance burns away.
Joseph hits you with a +4 quarterstaff of draining!
Casting: Scorch (safe; 1% risk of failure)
Confirm with . or Enter, or press ? or * to list all spells.
Flames lash Joseph.
Joseph is burned terribly!
Joseph is moderately wounded.
Joseph hits you with a +4 quarterstaff of draining!
Casting: Scorch (safe; 1% risk of failure)
Confirm with . or Enter, or press ? or * to list all spells.
Flames lash Joseph.
Joseph is burned terribly!
Joseph is heavily wounded.
* * * LOW HITPOINT WARNING * * *
Joseph hits you with a +4 quarterstaff of draining!
* * * LOW HITPOINT WARNING * * *
It was a potion of brilliance.
You feel clever all of a sudden.
Joseph hits you with a +4 quarterstaff of draining!
You die...

..............# #.......######
..#########...# ######'#######
..#.......#...# #..).........#
..#..#.#..#...# #............#
..#l$.#...+...# #............#
..#.!.....+...# #............#
..#.).#..o+..#####............###
..#..#.#.l#....@........#........
..#......W#...##@....####........
..#########...##.....####........
..............##.................
..............###...(.........###
#.#..#####..#.# #.............###
#+#.#########.# ###############..
.........####@# ...
..............#####.. ...
..................... ...


You could see Joseph (combustible), an iguana and an orc.

Vanquished Creatures
  Maggie (D:7)
  Grinder (D:5)
  Sigmund (D:2)
  Menkaure (D:5)
  A black bear (D:5)
  3 ice beasts
  2 ogres
  A kobold brigand (D:6)
  2 scorpions
  3 howler monkeys
  3 hounds
  An iron imp (D:3)
  2 orc priests
  Crazy Yiuf (D:3)
  A gnoll shaman (D:5)
  An iguana (D:5)
  3 orc wizards (D:7)
  5 adders
  An ufetubus (D:5)
  4 worms
  A dart slug (D:3)
  26 orcs
  8 bats
  11 endoplasms
  3 giant cockroaches
  2 goblins
  6 hobgoblins
  A jackal (D:2)
  13 kobolds
  5 quokkas
  5 ball pythons
  6 frilled lizards
  11 rats
  A spectral goblin (D:5)
137 creatures vanquished.

Vanquished Creatures (others)
  2 fulminant prisms (D:7)
2 creatures vanquished.

Grand Total: 139 creatures vanquished

Notes
Turn   | Place    | Note
-------+----------+-------------------------------------------
     0 | D:1      | Essalna the Djinni Conjurer began the quest for the Orb.
     0 | D:1      | Reached XP level 1. HP: 15/15 MP: 0/0
   273 | D:1      | Reached XP level 2. HP: 17/21 MP: 0/0
   728 | D:1      | Reached XP level 3. HP: 19/25 MP: 0/0
   728 | D:1      | Learned a level 1 spell: Beastly Appendage
   987 | D:1      | Reached skill level 4 in Spellcasting
  1207 | D:2      | Noticed Sigmund
  1215 | D:2      | Killed Sigmund
  1216 | D:2      | Reached skill level 5 in Spellcasting
  1216 | D:2      | Reached XP level 4. HP: 14/31 MP: 0/0
  1216 | D:2      | Reached XP level 5. HP: 16/35 MP: 0/0
  1216 | D:2      | Learned a level 2 spell: Scorch
  1216 | D:2      | Reached XP level 6. HP: 18/40 MP: 0/0
  1754 | D:2      | Found a basalt altar of Yredelemnul.
  2305 | D:3      | Found a snail-covered altar of Cheibriados.
  2513 | D:3      | Found an iron altar of Okawaru.
  2734 | D:3      | Found a bloodstained altar of Trog.
  2907 | D:3      | Found an ornate altar of the Wu Jian Council.
  2915 | D:3      | Found a white marble altar of Elyvilon.
  3054 | D:3      | Found a runed translucent door.
  3055 | D:3      | Noticed Crazy Yiuf
  3063 | D:3      | Killed Crazy Yiuf
  3325 | D:4      | Reached skill level 6 in Spellcasting
  4195 | D:5      | Entered Level 5 of the Dungeon
  4225 | D:5      | Reached XP level 7. HP: 41/46 MP: 0/0
  4225 | D:5      | Learned a level 2 spell: Static Discharge
  4286 | D:5      | Noticed Menkaure
  4295 | D:5      | Killed Menkaure
  4296 | D:5      | Reached skill level 1 in Fighting
  4675 | D:5      | Reached XP level 8. HP: 49/56 MP: 0/0
  5385 | D:5      | Found a hazy altar of Hepliaklqana.
  5588 | D:5      | Noticed Grinder
  5592 | D:5      | Killed Grinder
  5593 | D:5      | Reached skill level 7 in Spellcasting
  5851 | D:6      | Found a staircase to the Ecumenical Temple.
  5869 | Temple   | Entered the Ecumenical Temple
  5970 | Temple   | Became a worshipper of Makhleb the Destroyer
  6183 | D:6      | Reached skill level 5 in Fighting
  6416 | D:6      | Found a shadowy altar of Dithmenos.
  6422 | D:6      | Reached XP level 9. HP: 61/65 MP: 0/0
  6422 | D:6      | Learned a level 3 spell: Inner Flame
  7161 | D:7      | Found a runed translucent gate.
  7162 | D:7      | Found a runed translucent gate.
  7168 | D:7      | Noticed Tutankhamun's ghost (novice GrCK)
  7259 | D:7      | Noticed Maggie
  7271 | D:7      | Killed Maggie
  7272 | D:7      | Reached skill level 8 in Spellcasting
  7465 | D:7      | Found Sinweot's Jewellery Emporium.
  7758 | D:7      | Found a runed translucent gate.
  7791 | D:7      | Noticed Joseph
  7949 | D:7      | Mangled by Joseph

Illustrated notes

Levels and vault maps discovered:
D:1:      amcnicky_arrival_single_pillar, layout_basic
D:2:      layout_basic, basic_altar, chequers_serial_rivers_large_a,
          minmay_pentomino_pile, uniq_sigmund
D:3:      layout_rooms, okawaru_metal_pillars_1_2, mainiacjoe_overflow_alcove_2,
          slow_altar_1, mainiacjoe_overflow_large_starburst,
          chequers_serial_rivers_micro_b, uniq_crazy_yiuf_cottage
D:4:      layout_basic
D:5:      layout_basic, nicolae_hepliaklqana_monster_ancestors,
          grunt_tough_drop, uniq_menkaure, uniq_grinder
D:6:      layout_loops_ring, nicolae_dithmenos_the_darkroom,
          minmay_temple_entry_statues_fountains, nicolae_figureground_sparkle
D:7:      layout_basic, gammafunk_ghost_split, serial_shops,
          nicolae_shop_hallway_plus, uniq_joseph, uniq_maggie
Temple:   nicolae_temple_god_jail

Skill      XL: |  1  2  3  4  5  6  7  8  9 |
---------------+----------------------------+-----
Spellcasting   | 5 6 7 8 |  8.2
Fighting       | 3 5 7 |  7.0
Dodging        | |  2.1
Stealth        | |  1.5

Action                   |  1- 3 |  4- 6 |  7- 9 || total
-------------------------+-------+-------+-------++-------
Melee: Flail             |       |       |    12 ||    12
 Cast: Magic Dart        |    53 |   109 |    73 ||   235
       Searing Ray       |     2 |     4 |    15 ||    21
       Scorch            |       |     3 |    26 ||    29
       Fulminant Prism   |       |       |     2 ||     2
       Inner Flame       |       |       |     1 ||     1
  Use: Potion            |       |       |     1 ||     1
Armor: Robe              |       |     4 |     7 ||    11
Dodge: Dodged            |     3 |    12 |    22 ||    37

Table legend: (Time is in decaauts)
 A = Elapsed time spent in this place.
 B = Non-inter-level travel time spent in this place.
 C = Inter-level travel time spent in this place.
 D = Time resting spent in this place.
 E = Time spent auto-exploring this place.
 F = Levels seen in this place.
 G = Mean time per level.
                   A        B        C        D        E       F      G
               +--------+--------+--------+--------+--------+-----+--------+
         Total |   7952 |   7747 |    205 |    126 |   6792 |   8 |  994.0 |
       Dungeon |   7838 |   7645 |    193 |    126 |   6738 |   7 | 1119.7 |
        Temple |    114 |    102 |     12 |      0 |     54 |   1 |  114.0 |
               +--------+--------+--------+--------+--------+-----+--------+

Top non-repeatable levels by time:
     D:5: 1419 daAuts
     D:4: 1191 daAuts
     D:6: 1132 daAuts
     D:1: 1128 daAuts
     D:2: 1060 daAuts
     D:3: 970 daAuts
     D:7: 935 daAuts
  Temple: 114 daAuts
